 Dungeon Crawl Stone Soup version 0.25-a0-246-g58704a1ebd (webtiles) character file.

Game seed: 5634515714704748415, levelgen mode: deterministic

4149 night the Stinger (level 10, -6/63 HPs)
             Began as a Demonspawn Venom Mage on Dec 3, 2019.
             Was a Believer of Kikubaaqudgha.
             Mangled by a troll (17 damage)
             ... on level 9 of the Dungeon.
             The game lasted 00:46:05 (11184 turns).

night the Stinger (Demonspawn Venom Mage)          Turns: 11184, Time: 00:46:05

Health: -6/63      AC: 10    Str:  9    XL:     10   Next: 7%
Magic:  12/29      EV: 12    Int: 20    God:    Kikubaaqudgha [**....]
Gold:   342        SH:  0    Dex: 13    Spells: 4/22 levels left

rFire    . . .     SeeInvis .   B - +0 great sword
rCold    . . .     Gourm    .   (shield currently unavailable)
rNeg     . . .     Faith    .   a - +0 robe
rPois    .         Spirit   .   h - +0 helmet (curse)
rElec    .         Reflect  .   (no cloak)
rCorr    .         Harm     .   q - +2 pair of gloves
MR       .....                  w - +0 pair of boots
Stlth    +++.......             (no amulet)
HPRegen  1.20/turn              C - ring of magical power
MPRegen  0.21/turn              A - ring of stealth

@: very slightly contaminated, regenerating
A: claws 1, thin metallic scales 2, spiny 1
a: Receive Corpses, Renounce Religion


You were on level 9 of the Dungeon.
You worshipped Kikubaaqudgha.
Kikubaaqudgha was pleased with you.
You were not hungry.

You visited 2 branches of the dungeon, and saw 10 of its levels.

You collected 342 gold pieces.

Inventory:

Hand Weapons
 b - a +1 shortbow of flaming
 B - a +0 great sword (weapon)
 J - a +3 flail
Missiles
 p - 273 stones (quivered)
 t - 109 arrows
Armour
 a - a +0 robe (worn)
 h - a cursed +0 helmet (worn)
 q - a +2 pair of gloves (worn)
 s - a +2 scale mail of cold resistance
 w - a +0 pair of boots (worn)
Jewellery
 r - an uncursed ring of ice
 A - a ring of stealth (right hand)
 C - a ring of magical power (left hand)
 M - an uncursed ring of stealth
Wands
 x - a wand of flame (17)
 F - a wand of polymorph (6)
 L - a wand of iceblast (12)
 N - a wand of scattershot (3)
 P - a wand of paralysis (5)
Scrolls
 e - 2 scrolls of amnesia {unknown}
 g - 3 scrolls of noise {unknown}
 i - a scroll of immolation {unknown}
 k - 8 scrolls of identify {unknown}
 m - 4 scrolls of remove curse {unknown}
 n - 3 scrolls of enchant weapon {unknown}
 o - 3 scrolls of magic mapping {unknown}
 u - 2 scrolls of blinking {unknown}
 y - 3 scrolls of teleportation {unknown}
 D - 3 scrolls of fear {unknown}
 H - a scroll of enchant armour {unknown}
 I - a scroll of random uselessness {unknown}
 K - a scroll of vulnerability {unknown}
Potions
 d - 2 potions of heal wounds
 f - 2 potions of ambrosia
 j - a potion of brilliance
 l - a potion of resistance {unknown}
 v - a potion of curing
 z - 3 potions of berserk rage {unknown}
 E - 3 potions of haste {unknown}
 G - a potion of mutation {unknown}
 Q - a potion of magic {unknown}
Comestibles
 c - 13 rations
 O - 5 chunks of flesh


   Skills:
 - Level 1.7 Dodging
 - Level 1.7 Stealth
 + Level 6.7 Spellcasting
 + Level 5.4 Conjurations
 + Level 5.9 Necromancy
 - Level 3.9 Transmutations
 + Level 4.8 Air Magic
 + Level 7.8 Poison Magic


You had 4 spell levels left.
You knew the following spells:

 Your Spells              Type           Power        Failure   Level  Hunger
a - Sting                 Tmut/Pois      ####         1%          1    None
b - Poisonous Vapours     Pois/Air       ####..       1%          2    None
c - Ignite Poison         Fire/Tmut/Pois ###.....     6%          3    #......
d - Mephitic Cloud        Conj/Pois/Air  ####....     2%          3    #......
e - Olgreb's Toxic Radia  Pois           #####...     3%          4    ###....
f - Sublimation of Blood  Necr           ####......   1%          2    None
g - Regeneration          Chrm/Necr      ###.......   9%          3    #......

Your spell library contained the following spells:

 Spells                   Type           Power        Failure   Level  Hunger
 Animate Skeleton         Necr           N/A          1%          1    None
 Pain                     Necr           ####         1%          1    None
 Corpse Rot               Necr/Air       N/A          1%          2    None
 Vampiric Draining        Necr           ####......   2%          3    #......
 Animate Dead             Necr           N/A          9%          4    ###....


Dungeon Overview and Level Annotations

Branches:
Dungeon (9/15)             Temple (1/1) D:4
   Lair: D:8-11         Orc: D:9-12

Altars:
Ashenzari
Cheibriados
Dithmenos
Elyvilon
Fedhas
Gozag
Hepliaklqana
Kikubaaqudgha
Makhleb
Nemelex Xobeh
Okawaru
Qazlal
Ru
Sif Muna
Trog
Uskayaw
Vehumet
Wu Jian
Xom
Yredelemnul
Zin
The Shining One

Shops:
D:8 =

Annotations:
D:7 3 runed translucent doors, emiel's ghost, novice FoVM
D:8 3 runed translucent doors, bmj180's ghost, novice MfIE


Innate Abilities, Weirdness & Mutations

You have sharp fingernails.
You are mostly covered in thin metallic scales. (AC +3)
You are partially covered in sharp spines.


Message History

The vampire mosquito completely misses you.
The troll is engulfed in noxious fumes.
The troll appears confused.
The troll gestures wildly.
The troll misses you. The troll claws you! The troll barely misses you.
Casting: Sting (safe; 1% risk of failure)
Confirm with . or Enter, or press ? or * to list all spells.
You miscast Ignite Poison.
You are very lightly contaminated with residual magic.
Nothing appears to happen.
The vampire mosquito is struck by your spines.
The vampire mosquito bites you.
* * * LOW HITPOINT WARNING * * *
The vampire mosquito draws strength from your injuries!
The vampire mosquito bites you.
* * * LOW HITPOINT WARNING * * *
The vampire mosquito draws strength from your injuries!
The troll is engulfed in noxious fumes.
The troll appears confused.
The troll is struck by your spines. The troll bites you!
You die...
Kikubaaqudgha rasps: "You have failed me!
Welcome... death!"

#+#
#.#
#@##
#Ty#
##○#
°°#
!...
.####
.# .#
..


You could see a troll (confused) and a vampire mosquito.

Vanquished Creatures
  Maurice (D:8)
  A hornet (D:8)
  Grinder (D:5)
  A vampire mosquito (D:9)
  Edmund (D:6)
  Duvessa (D:7)
  3 sky beasts
  A hornet zombie (D:8)
  A black bear (D:6)
  An ice beast (D:5)
  5 ogres
  2 centaurs
  A big kobold (D:8)
  2 bullfrogs
  3 wyvern zombies
  A scorpion (D:7)
  Dowan (D:7)
  A water moccasin skeleton (D:6)
  4 killer bees (D:7)
  4 howler monkeys
  4 crimson imps
  A bullfrog zombie (D:4)
  A centaur zombie (D:7)
  A hound (D:7)
  9 orc wizards
  2 gnoll shamans
  2 jellies
  A bullfrog skeleton (D:4)
  An iguana (D:8)
  7 worker ants
  A hound skeleton (D:6)
  12 adders
  7 gnolls
  2 shadow imps
  2 oozes
  4 adder skeletons
  2 worms
  3 dart slugs
  2 leopard geckos
  26 orcs
  3 giant cockroaches
  13 goblins
  6 hobgoblins
  11 jackals
  10 kobolds
  3 quokkas
  2 ball pythons
  9 bats
  3 frilled lizards
  A jackal zombie (D:5)
  2 leopard gecko skeletons
  A quokka skeleton (D:8)
  A quokka zombie (D:5)
  9 rats
200 creatures vanquished.

Notes
Turn   | Place    | Note
-------+----------+-------------------------------------------
     0 | D:1      | night the Demonspawn Venom Mage began the quest for the
                  | Orb.
     0 | D:1      | Reached XP level 1. HP: 13/13 MP: 3/3
   108 | D:1      | Reached skill level 1 in Transmutations
   223 | D:1      | Gained mutation: You are partially covered in thin metallic
                  | scales. (AC +2) [demonic ancestry]
   223 | D:1      | Reached XP level 2. HP: 16/19 MP: 0/5
   647 | D:1      | Learned a level 2 spell: Poisonous Vapours
   766 | D:1      | Reached XP level 3. HP: 23/24 MP: 2/6
  1062 | D:1      | Learned a level 3 spell: Ignite Poison
  1723 | D:2      | Gained mutation: You are mostly covered in thin metallic
                  | scales. (AC +3) [demonic ancestry]
  1723 | D:2      | Reached XP level 4. HP: 30/30 MP: 4/8
  2835 | D:3      | Found a shimmering altar of Xom.
  2884 | D:3      | Reached skill level 4 in Poison Magic
  3091 | D:3      | Learned a level 3 spell: Mephitic Cloud
  3118 | D:3      | You fall into a shaft and drop 3 floors!
  3189 | D:6      | Gained mutation: You are partially covered in sharp spines.
                  | [demonic ancestry]
  3189 | D:6      | Reached XP level 5. HP: 27/35 MP: 0/9
  3528 | D:5      | Entered Level 5 of the Dungeon
  3746 | D:4      | Found a staircase to the Ecumenical Temple.
  3760 | Temple   | Entered the Ecumenical Temple
  3993 | Temple   | Became a worshipper of Kikubaaqudgha
  4282 | D:4      | Reached XP level 6. HP: 41/41 MP: 8/11
  5723 | D:4      | Reached skill level 5 in Poison Magic
  5759 | D:4      | Reached XP level 7. HP: 26/46 MP: 5/13
  6220 | D:4      | You fall into a shaft and drop 2 floors!
  6411 | D:6      | Learned a level 4 spell: Olgreb's Toxic Radiance
  6732 | D:6      | Reached skill level 1 in Conjurations
  6732 | D:6      | Reached skill level 1 in Necromancy
  6732 | D:6      | Reached skill level 1 in Air Magic
  7086 | D:5      | Reached * piety under Kikubaaqudgha
  7086 | D:5      | Identified Kikubaaqudgha's Disquisition on Evil Arts
                  | (Kikubaaqudgha gifted it to you on level 5 of the Dungeon)
  7086 | D:5      | Received a gift from Kikubaaqudgha
  7301 | D:5      | Learned a level 2 spell: Sublimation of Blood
  7304 | D:5      | Gained mutation: You have sharp fingernails. [demonic
                  | ancestry]
  7304 | D:5      | Reached XP level 8. HP: 42/52 MP: 15/15
  7567 | D:5      | Reached skill level 5 in Spellcasting
  7633 | D:5      | Noticed Grinder
  7768 | D:5      | Paralysed by Grinder for 3 turns
  7770 | D:5      | Killed Grinder
  7770 | D:5      | Reached skill level 6 in Poison Magic
  8422 | D:6      | Noticed Edmund
  8443 | D:6      | Killed Edmund
  8764 | D:7      | Found a runed translucent gate.
  8765 | D:7      | Found a runed translucent gate.
  8766 | D:7      | Found a runed translucent gate.
  8768 | D:7      | Noticed emiel's ghost (novice FoVM)
  8768 | D:7      | Identified the +9 whip "Muiblam" {drain, Dex+3}
  9227 | D:7      | Reached XP level 9. HP: 57/57 MP: 17/17
  9248 | D:7      | Reached ** piety under Kikubaaqudgha
  9534 | D:7      | Noticed Dowan
  9539 | D:7      | Killed Dowan
  9569 | D:7      | Noticed Duvessa
  9577 | D:7      | Killed Duvessa
  9668 | D:7      | Reached skill level 7 in Poison Magic
 10079 | D:8      | Found Raun's Jewellery Shoppe.
 10129 | D:8      | Reached skill level 5 in Necromancy
 10177 | D:8      | Noticed Maurice
 10315 | D:8      | Killed Maurice
 10315 | D:8      | Reached skill level 5 in Conjurations
 10618 | D:8      | Learned a level 3 spell: Regeneration
 10633 | D:8      | Found a runed translucent gate.
 10633 | D:8      | Found a runed translucent gate.
 10633 | D:8      | Found a runed translucent gate.
 10634 | D:8      | Noticed bmj180's ghost (novice MfIE)
 10708 | D:8      | Reached XP level 10. HP: 17/63 MP: 19/20
 11086 | D:8      | Paralysed by an orc for 2 turns
 11184 | D:9      | Mangled by a troll

Levels and vault maps discovered:
D:1:      nagdon_arrival_zigzag_paths, layout_basic
D:2:      layout_basic, first_ration, serial_bayou_ford_a
D:3:      corexii_shack_village, layout_basic, overflow_temple_1_default,
          minmay_circle_x
D:4:      layout_loops_ring, minmay_temple_entry_mini_moons
D:5:      layout_loops_corners, uniq_grinder
D:6:      layout_gridville, uniq_edmund
D:7:      layout_loops_ring, gammafunk_ghost_nasty_kobolds, uniq_duvessa
D:8:      minmay_evil_eye, layout_rooms, ebering_ghost_rock_garden,
          serial_shops, shop, kennysheep_just_a_vault, uniq_maurice
D:9:      layout_roguey, david_orc_5, uniq_gastronok, uniq_joseph
Temple:   nicolae_temple_the_god_donut

Skill      XL: |  1  2  3  4  5  6  7  8  9 |
---------------+----------------------------+-----
Transmutations | 1 2 3 |  3.9
Spellcasting   | 3 4 5 6 |  6.7
Poison Magic   | 4 5 6 7 |  7.8
Conjurations   | 2 3 5 |  5.4
Necromancy     | 2 4 5 |  5.9
Air Magic      | 1 3 4 |  4.8
Dodging        | |  1.7
Stealth        | |  1.7

Action                   |  1- 3 |  4- 6 |  7- 9 | 10-12 || total
-------------------------+-------+-------+-------+-------++-------
Melee: Unarmed           |     4 |    22 |     1 |       ||    27
       Great sword       |       |       |    57 |     4 ||    61
       Flail             |       |       |    10 |       ||    10
 Fire: Shortbow          |       |     3 |       |       ||     3
 Cast: Sting             |    66 |   162 |   125 |     3 ||   356
       Mephitic Cloud    |       |    10 |    12 |     1 ||    23
       Ignite Poison     |       |     3 |     8 |       ||    11
       Olgreb's Toxic Ra |       |       |    33 |     2 ||    35
       Poisonous Vapours |       |       |     3 |     3 ||     6
       Sublimation of Bl |       |       |     5 |       ||     5
       Regeneration      |       |       |     1 |     1 ||     2
  Use: Potion            |       |     2 |       |       ||     2
 Stab: Sleeping          |       |       |     3 |       ||     3
       Confused          |       |       |     1 |       ||     1
       Distracted        |       |       |     1 |       ||     1
  Eat: Chunk             |     4 |    14 |    22 |     2 ||    42
Armor: Robe              |    25 |    55 |    52 |     5 ||   137
Dodge: Dodged            |    44 |    82 |    72 |    15 ||   213
       Rpst.: Great sword |       |       |    15 |     5 ||    20

Table legend:
 A = Non-vault XP
 B = Vault XP
 C = Vault XP percentage of total XP
 D = Non-vault monster count
 E = Vault monster count
 F = Vault count percentage of total count
                 A         B        C        D         E       F
            +---------+---------+-------+---------+---------+-------
      Total |    4437 |    1491 |  25.2 |     176 |      24 |  12.0
            +---------+---------+-------+---------+---------+-------
        D:1 |      50 |       0 |   0.0 |      25 |       0 |   0.0
        D:2 |      66 |       0 |   0.0 |      23 |       0 |   0.0
        D:3 |      58 |      32 |  35.6 |      13 |      15 |  53.6
        D:4 |     421 |       0 |   0.0 |      20 |       0 |   0.0
        D:5 |     647 |     272 |  29.6 |      20 |       1 |   4.8
        D:6 |     643 |     157 |  19.6 |      16 |       1 |   5.9
        D:7 |    1174 |     204 |  14.8 |      29 |       2 |   6.5
        D:8 |    1201 |     826 |  40.7 |      28 |       5 |  15.2
        D:9 |     174 |       0 |   0.0 |       1 |       0 |   0.0
     Temple |       3 |       0 |   0.0 |       1 |       0 |   0.0
            +---------+---------+-------+---------+---------+-------
